 Dungeon Crawl Stone Soup version 0.27-a0-1217-g8a41f320e8 (webtiles) character file.

Game seed: 7238535358910288486

949 deadmanwalking the Covert (level 7, -11/35 HPs)
             Began as a Spriggan Delver on June 5, 2021.
             Killed from afar by a steam dragon (17 damage)
             ... with a ball of steam
             ... on level 6 of the Dungeon on June 6, 2021.
             The game lasted 00:33:45 (5965 turns).

deadmanwalking the Covert (Spriggan Delver)         Turns: 5965, Time: 00:33:46

Health: -11/35     AC:  7    Str:  8    XL:     7   Next: 90%
Magic:  14/14      EV: 20    Int: 11    God:
Gold:   273        SH:  0    Dex: 19    Spells: 14/15 levels left

rFire    . . .     SeeInvis +   a - +1 short sword
rCold    + . .     Faith    .   (shield restricted)
rNeg     . . .     Spirit   .   x - +1 robe
rPois    .         Reflect  .   (helmet restricted)
rElec    .         Harm     .   (no cloak)
rCorr    .         Rampage  .   (gloves unavailable)
Will     +....                  (boots unavailable)
Stlth    +++++.....             n - amulet of regeneration
HPRegen  1.11/turn              m - ring of protection from cold
MPRegen  0.14/turn              r - +4 ring of protection

@: very quick
A: very small, no large weapons, unfitting armour, see invisible, speed 3
a: no special abilities


You were on level 6 of the Dungeon.
You visited 1 branch of the dungeon, and saw 6 of its levels.

You collected 273 gold pieces.

Inventory:

Hand Weapons
 a - a +1 short sword (weapon)
 b - a +0 hand crossbow
Missiles
 i - 41 poisoned darts (quivered)
 j - 179 stones
 k - 63 arrows
 t - 57 bolts
 D - a throwing net
 E - 3 silver boomerangs
Armour
 x - a +1 robe (worn)
Jewellery
 m - a ring of protection from cold (left hand)
 n - an amulet of regeneration (around neck)
 q - a ring of ice
 r - a +4 ring of protection (right hand)
 w - an amulet of faith
 C - a ring of protection from cold
Wands
 g - a wand of digging (3)
 z - a wand of flame (14)
Scrolls
 c - a scroll of fog
 d - 2 scrolls of magic mapping
 e - 3 scrolls of fear
Potions
 f - a potion of haste
 h - 2 potions of lignification
 l - a potion of mutation
 o - 2 potions of heal wounds
 p - 2 potions of invisibility
 s - 2 potions of berserk rage
 u - a potion of attraction
 v - a potion of ambrosia {unknown}
 A - a potion of might {unknown}
 B - a potion of curing {unknown}


   Skills:
 - Level 2.4 Fighting
 + Level 5.4 Short Blades
 - Level 5.0 Dodging
 + Level 10.2 Stealth
 + Level 4.6 Spellcasting
 + Level 3.7 Hexes


You had 14 spell levels left.
You knew the following spells:

 Your Spells              Type           Power      Damage    Failure   Level
a - Corona                Hex            11%        N/A       4%          1

Your spell library contained the following spells:

 Spells                   Type           Power      Damage    Failure   Level
 Slow                     Hex            10%        N/A       8%          2
 Inner Flame              Hex/Fire       6%         N/A       30%         3
 Portal Projectile        Hex/Tloc       12%        N/A       30%         3
 Cause Fear               Hex            5%         N/A       43%         4
 Leda's Liquefaction      Hex/Erth       3%         N/A       71%         4


Dungeon Overview and Level Annotations

Branches:
Dungeon (6/15)
 Temple: D:4-7

Altars:
Fedhas

Annotations:
D:5 Pikel


Innate Abilities, Weirdness & Mutations

You are very small and have problems with some larger weapons.
You are too small for most types of armour.
You have supernaturally acute eyesight. (SInv)
You cover ground extremely quickly. (Speed+++)


Message History

e - 3 scrolls of fear (gained 1)
A steam dragon comes into view.
The steam dragon hisses angrily.
Found a stone staircase leading down.
You hit the steam dragon but do no damage.
The steam dragon barely misses you.
The steam dragon claws you but does no damage.
You closely miss the steam dragon. The steam dragon breathes steam at you.
The ball of steam misses you.
You barely miss the steam dragon.
You are engulfed in a cloud of scalding steam.
The steam dragon completely misses you. The steam dragon closely misses you.
You closely miss the steam dragon.
You are engulfed in a cloud of scalding steam.
The steam dragon misses you.
The steam dragon claws you but does no damage.
You hit the steam dragon but do no damage.
You are engulfed in a cloud of scalding steam.
The steam dragon barely misses you. x2
The steam dragon barely misses you. The steam dragon claws you.
You hit the steam dragon but do no damage.
The steam dragon misses you. The steam dragon completely misses you.
You closely miss the steam dragon. The steam dragon bites you.
The steam dragon claws you.
You hit the steam dragon.
The steam dragon is lightly wounded.
You closely miss the steam dragon.
The steam dragon is lightly wounded.
The steam dragon closely misses you. The steam dragon claws you.
You closely miss the steam dragon.
The steam dragon is lightly wounded.
The steam dragon breathes steam at you. The ball of steam hits you!
* * * LOW HITPOINT WARNING * * *
The steam dragon barely misses you.
The steam dragon claws you but does no damage.
The steam dragon breathes steam at you. The ball of steam hits you!
You die...

#....##.[...+ ..+...
#....##.....###.#..
#................#
#...###......##..#+##
#...# #.............#
######...###......#......#
............#+#'#........#
###########.# #.#####...##
#.# #.@§§D...§§+ ###.
#######..§## #.. #§..# #.#
#..># #.# #..## #.# ...#
#####.####### #.##
#.###.#.......... ..#
#.....#.#.#############


There were no monsters in sight!

Vanquished Creatures
  A sky beast (D:4)
  An ice beast (D:5)
  A necrophage (D:5)
  5 scorpions
  A jelly (D:4)
  A hound (D:5)
  2 bullfrog skeletons (D:4)
  An iguana (D:4)
  A hound zombie (D:5)
  8 adders
  3 gnolls (D:5)
  An adder skeleton (D:4)
  2 worms (D:3)
  A dart slug (D:5)
  7 orcs (D:5)
  3 ball pythons
  4 endoplasms
  14 giant cockroaches
  13 hobgoblins
  8 jackals
  7 kobolds
  3 quokkas
  2 bats
  A frilled lizard (D:3)
  8 goblins
  8 rats
107 creatures vanquished.

Vanquished Creatures (others)
  4 plants (D:1)
4 creatures vanquished.

Grand Total: 111 creatures vanquished

Notes
Turn   | Place    | Note
-------+----------+-------------------------------------------
     0 | D:5      | deadmanwalking the Spriggan Delver began the quest for the
                  | Orb.
     0 | D:5      | Reached XP level 1. HP: 11/11 MP: 2/2
    79 | D:5      | Noticed a scorpion
    81 | D:5      | Killed a scorpion
    82 | D:5      | Reached skill level 8 in Stealth
    82 | D:5      | Reached XP level 2. HP: 5/16 MP: 3/3
    82 | D:5      | Reached XP level 3. HP: 6/19 MP: 4/4
   354 | D:4      | Reached XP level 4. HP: 20/23 MP: 5/5
   543 | D:3      | Learned a level 1 spell: Corona
  1357 | D:1      | Found a faded altar of an unknown god.
  1978 | D:2      | Reached skill level 1 in Spellcasting
  2194 | D:2      | Reached XP level 5. HP: 26/27 MP: 7/7
  3251 | D:4      | Found a blossoming altar of Fedhas.
  3416 | D:4      | Reached skill level 5 in Dodging
  3416 | D:4      | Reached skill level 9 in Stealth
  3416 | D:4      | Reached XP level 6. HP: 27/32 MP: 10/10
  3729 | D:4      | Reached skill level 1 in Hexes
  4185 | D:5      | Noticed a sky beast
  4224 | D:4      | Killed a sky beast
  4382 | D:5      | Noticed Pikel
  5044 | D:4      | Reached XP level 7. HP: 27/35 MP: 13/13
  5460 | D:5      | Reached skill level 5 in Short Blades
  5482 | D:5      | Reached skill level 10 in Stealth
  5943 | D:6      | Noticed a steam dragon
  5965 | D:6      | Killed from afar by a steam dragon

Illustrated notes

Levels and vault maps discovered:
D:1:      saegor_arrival_miasma, layout_basic, chequers_ecumenical_altar_lobes
D:2:      layout_basic, serial_curves, eino_curves_04, eino_curves_01,
          eino_curves_02, kennysheep_another_room, st_stairs_5,
          grunt_decor_resistance
D:3:      minmay_roachtagon, layout_basic, nrook_campfire
D:4:      layout_basic, fedhas_altar_1, minmay_bisected
D:5:      layout_basic, uniq_sigmund, uniq_pikel
D:6:      layout_basic, kennysheep_mini_moat, minmay_temple_entry_mist,
          uniq_duvessa, uniq_menkaure

Skill      XL: |  1  2  3  4  5  6  7 |
---------------+----------------------+-----
Short Blades   | 3 4 5 |  5.4
Dodging        | 3 4 5 |  5.0
Stealth        | 8 9 10 | 10.2
Spellcasting   | 1 2 3 4 |  4.6
Hexes          | 2 3 |  3.7
Fighting       | |  2.4

Action                   |  1- 3 |  4- 6 |  7- 9 || total
-------------------------+-------+-------+-------++-------
Melee: Short sword       |    17 |   517 |    62 ||   596
Throw: Dart              |     1 |    10 |     2 ||    13
 Cast: Corona            |       |     1 |       ||     1
Evoke: Wand              |       |     7 |    17 ||    24
  Use: Scroll            |       |    12 |     1 ||    13
 Stab: Sleeping          |     1 |    21 |     4 ||    26
       Paralysed         |       |     2 |     3 ||     5
Armor: Robe              |     4 |    60 |     7 ||    71
Dodge: Dodged            |    14 |   390 |    52 ||   456

Table legend: (Time is in decaauts)
 A = Elapsed time spent in this place.
 B = Non-inter-level travel time spent in this place.
 C = Inter-level travel time spent in this place.
 D = Time resting spent in this place.
 E = Time spent auto-exploring this place.
 F = Levels seen in this place.
 G = Mean time per level.
                   A        B        C        D        E       F      G
               +--------+--------+--------+--------+--------+-----+--------+
         Total |   4302 |   3979 |    323 |    789 |   1694 |   6 |  717.0 |
       Dungeon |   4302 |   3979 |    323 |    789 |   1694 |   6 |  717.0 |
               +--------+--------+--------+--------+--------+-----+--------+

Top non-repeatable levels by time:
     D:5: 1469 daAuts
     D:4: 837 daAuts
     D:1: 702 daAuts
     D:3: 621 daAuts
     D:2: 571 daAuts
     D:6: 98 daAuts
